 Dungeon Crawl Stone Soup version 0.23.2-30-g0e89c35649 (webtiles) character file.

Game seed: 8753892254906946697

33 troglodite the Stinger (level 3, 0/21 HPs)
             Began as an Octopode Venom Mage on June 17, 2019.
             Slain by a centaur skeleton (5 damage)
             ... on level 2 of the Dungeon.
             The game lasted 00:05:38 (1176 turns).

troglodite the Stinger (Octopode Venom Mage)        Turns: 1176, Time: 00:05:39

Health: 0/21       AC:  1    Str:  7    XL:     3   Next: 29%
Magic:  4/6        EV: 28    Int: 18    God:
Gold:   99         SH:  0    Dex: 12    Spells: 0/6 levels left

rFire    . . .     SeeInvis .   a - +0 club
rCold    . . .     Gourm    .   (no shield)
rNeg     . . .     Faith    .   (helmet restricted)
rPois    .         Spirit   .   e - amulet of the acrobat
rElec    .         Reflect  .   (no ring)
rCorr    .         Harm     .   (no ring)
MR       .....                  (no ring)
Stlth    +++.......             (no ring)
HPRegen  0.07/turn              (no ring)
MPRegen  0.10/turn              (no ring)
                                (no ring)
                                (no ring)

@: acrobat
A: almost no armour, stealthy swim, amphibious, 8 rings, constrict 8, camouflage
1, gelatinous body 1
a: no special abilities


You were on level 2 of the Dungeon.
You were not hungry.

You visited 1 branch of the dungeon, and saw 2 of its levels.

You collected 99 gold pieces.

Inventory:

Hand Weapons
 a - a +0 club (weapon)
Armour
 k - a +0 buckler
Jewellery
 e - an amulet of the acrobat (around mantle)
Scrolls
 d - 2 scrolls of teleportation {unknown}
 g - a scroll of remove curse {unknown}
 i - a scroll of magic mapping {unknown}
Potions
 c - a potion of berserk rage {unknown}
 h - a potion of lignification {unknown}
 j - a potion of resistance {unknown}
Comestibles
 b - a ration


   Skills:
 + Level 2.0 Dodging
 * Level 3.0 Stealth
 * Level 2.2 Spellcasting
 * Level 1.3 Conjurations
 * Level 1.1 Air Magic
 * Level 4.2 Poison Magic


You couldn't memorise any spells.
You knew the following spells:

 Your Spells              Type           Power        Failure   Level  Hunger
a - Sting                 Conj/Pois      ##..         5%          1    #......
b - Poisonous Vapours     Pois/Air       ##....       9%          2    ##.....
c - Mephitic Cloud        Conj/Pois/Air  ##......     22%         3    ###....

Your spell library contained the following spells:

 Spells                   Type           Power        Failure   Level  Hunger
 Olgreb's Toxic Radiance  Pois           ###.....     30%         4    #####..
 Venom Bolt               Conj/Pois      ##........   83%         5    ######.


Dungeon Overview and Level Annotations

Branches:
Dungeon (2/15)

Altars:


Innate Abilities, Weirdness & Mutations

You cannot wear most types of armour.
You are very stealthy in the water. (Stealth+)
You are amphibious.
You can wear up to eight rings at the same time.
You can use your tentacles to constrict eight enemies at once.
Your skin changes colour to match your surroundings (Stealth+).
Your rubbery body absorbs attacks. (AC +1, EV +1)


Message History

Casting: Sting (safe; 5% risk of failure)
Confirm with . or Enter, or press ? or * to list all spells.
Aiming: Sting (safe; 5% risk of failure)
Press: ? - help, Shift-Dir - straight line, f/p - rat
Aim: a rat The sting hits the centaur skeleton.
The centaur skeleton completely resists.
You completely miss the centaur skeleton.
The centaur skeleton closely misses you.
The centaur skeleton hits you.
You hit the centaur skeleton.
The centaur skeleton is lightly damaged.
The centaur skeleton hits you. The centaur skeleton hits you!
You hit the centaur skeleton but do no damage.
The centaur skeleton is lightly damaged.
The centaur skeleton barely misses you. The centaur skeleton hits you.
* * * LOW HITPOINT WARNING * * *
The centaur skeleton misses you. The centaur skeleton hits you.
You die...

######## #......#
##.####.#
########...###.#######
#.r.Z@...............#
#.######....##.#####.#
#.#######...##.# #.#
#.......#......# #.#
#.#####.######## #.#
..# #.# .... ##.#
..#.. #..# .<.#.#.
#.##


You could see a rat and a centaur skeleton.

Vanquished Creatures
  2 dart slugs (D:1)
  A leopard gecko (D:1)
  A ball python (D:1)
  A giant cockroach (D:1)
  4 goblins (D:1)
  4 hobgoblins (D:1)
  6 kobolds (D:1)
  3 bats (D:1)
  2 frilled lizards (D:1)
  3 rats (D:1)
27 creatures vanquished.

Notes
Turn   | Place    | Note
-------+----------+-------------------------------------------
     0 | D:1      | troglodite the Octopode Venom Mage began the quest for the
                  | Orb.
     0 | D:1      | Reached XP level 1. HP: 11/11 MP: 3/3
   313 | D:1      | Reached skill level 4 in Poison Magic
   313 | D:1      | Reached XP level 2. HP: 17/17 MP: 1/5
   321 | D:1      | Learned a level 2 spell: Poisonous Vapours
   691 | D:1      | Reached skill level 1 in Air Magic
   697 | D:1      | Reached XP level 3. HP: 20/21 MP: 0/6
  1077 | D:1      | Learned a level 3 spell: Mephitic Cloud
  1176 | D:2      | Slain by a centaur skeleton

Skill      XL: |  1  2 |
---------------+-------+-----
Poison Magic   | 4 |  4.2
Stealth        | 3 |  3.0
Air Magic      | 1 |  1.1
Dodging        | |  2.0
Spellcasting   | |  2.2
Conjurations   | |  1.3

Action                   || total
-------------------------++-------
Melee: Unarmed           ||     1
       Club              ||    10
       Constrict         ||     4
       Tentacles         ||     1
 Cast: Sting             ||    41
  Eat: Chunk             ||     1
Armor: Skin              ||     2
Dodge: Dodged            ||    22
